 Dungeon Sprint DCSS version 0.29.1-2-gbd0b4ee654 (webtiles) character file.

Game seed: 12820491910948042957

11200000 raph the Axe Maniac (level 27, -14/196 (228) HPs)
             Began as a Djinni Warper on Nov 30, 2022.
             Was the Champion of Makhleb.
             Killed from afar by a wretched soul (104 damage)
             ... with a bolt of negative energy
             ... in the Dungeon (Sprint VIII: "Arena of Blood").
             The game lasted 00:04:49 (112 turns).

raph the Axe Maniac (Djinni Warper)                  Turns: 112, Time: 00:04:49

HP:   -14/196 (228) AC:  6    Str: 10    XL:     27
Gold: 0             EV: 37    Int: 16    God:    Makhleb [******] SH:  0 Dex: 26

rFire   + + .      SeeInvis .   i - +∞ Axe of Woe
rCold   x . .      Faith    .   (shield currently unavailable)
rNeg    . . .      Spirit   .   b - +0 leather armour
rPois   ∞          Reflect  .   (no helmet)
rElec   .          Harm     .   (no cloak)
rCorr   .          Rampage  .   (no gloves)
Will    ++...      NoTele   +   (boots unavailable)
Stlth   ++++++++++              (no amulet)
HPRegen 0.42/turn               g - +200 ring of slaying
MPRegen 0.00/turn               j - +250 ring of slaying

@: flying, heavily drained
A: sickness immunity, fire resistance 2, cold vulnerability 1, float, innate
caster, HP casting, extra vitality 1
a: Renounce Religion, Minor Destruction, Lesser Servant of Makhleb, Major
Destruction, Greater Servant of Makhleb


You were in the Dungeon.
You worshipped Makhleb.
Makhleb was exalted by your worship.
You visited 1 branch

Inventory:

Hand Weapons
 a - a +0 hand axe
 i - the +∞ Axe of Woe (weapon)
   (You found it in the Dungeon)
Missiles
 d - 7 boomerangs of dispersal (quivered)
Armour
 b - a +0 leather armour (worn)
Jewellery
 g - a +200 ring of slaying (left hand)
 j - a +250 ring of slaying (right hand)
Scrolls
 c - 2 scrolls of blinking
Potions
 e - a potion of curing
 f - a potion of heal wounds
 h - a potion of berserk rage


   Skills:
 O Level 27 Fighting
 O Level 27 Short Blades
 O Level 27 Long Blades
 O Level 27 Axes
 O Level 27 Maces & Flails
 O Level 27 Polearms
 O Level 27 Staves
 O Level 27 Ranged Weapons
 O Level 27 Throwing
 O Level 27 Armour
 O Level 27 Dodging
 O Level 27 Stealth
 O Level 27 Shields
 O Level 27 Unarmed Combat
 O Level 27 Spellcasting
 O Level 27 Invocations
 O Level 27 Evocations


You couldn't memorise any spells.
You knew the following spells:

 Your Spells              Type           Power      Damage    Failure   Level
a - Blink                 Tloc           100%       N/A       0%          2
b - Lesser Beckoning      Tloc           82%        N/A       0%          3
c - Gell's Gravitas       Tloc           82%        N/A       0%          3
d - Teleport Other        Tloc           82%        N/A       0%          3
e - Manifold Assault      Tloc           82%        N/A       0%          5
f - Summon Small Mammal   Summ           100%       N/A       0%          1
g - Ensorcelled Hibernat  Hex/Ice        100%       N/A       0%          2
h - Scorch                Fire           100%       2d10      0%          2
i - Call Canine Familiar  Summ           82%        N/A       0%          3
j - Dispel Undead         Necr           82%        3d27      0%          4
k - Borgnjor's Vile Clut  Necr/Erth      41%        N/A       0%          5
l - Eringya's Noxious Bo  Tmut/Pois      41%        N/A       0%          6
m - Ozocubu's Refrigerat  Ice            41%        4d16      1%          7
n - Storm Form            Tmut/Air       41%        N/A       1%          7
o - Infestation           Necr           41%        N/A       1%          8
p - Lehudib's Crystal Sp  Conj/Erth      41%        10d10     1%          8
q - Discord               Hex            41%        N/A       1%          8
r - Death's Door          Necr           41%        N/A       2%          9
Your spell library was empty.

Dungeon Overview and Level Annotations

Branches:
Dungeon (1/1)

Altars:
Makhleb


Innate Abilities, Weirdness & Mutations

You are immune to sickness and miasma.
You are immune to poison.
Your flesh is very heat resistant. (rF++)
You are vulnerable to cold. (rC-)
You float through the air rather than walking.
You learn spells naturally, not from books.
Your magical power is your life essence.
You have superior vitality. (+4 MHP)


Message History

You slice one of the eight-headed meat hydra's heads off!
The seven-headed meat hydra grows two more!
You carve the nine-headed meat hydra like a ham!!!!!
You slaughter the nine-headed meat hydra joyfully.
You kill the nine-headed meat hydra!
Makhleb accepts your kill.
You feel better.
You chop one of the eight-headed meat hydra's heads off!
The seven-headed meat hydra grows two more!
You chop the nine-headed meat hydra into pieces!!!!
You cleave the nine-headed meat hydra in twain.
You kill the nine-headed meat hydra!
Makhleb accepts your kill.
You feel better.
You slice the bag of meat like a ripe choko!!!!!
You cleave the bag of meat in twain.
You blow up the bag of meat!
Makhleb accepts your kill.
You dice the meat berserker like an onion!!!!!
You butcher the meat berserker messily.
You kill the meat berserker!
Makhleb accepts your kill.
Your death scarab barely misses something.
Something bites your death scarab but does no damage.
You feel something staring at you.
A bolt of fire appears from out of thin air!
The bolt of fire misses you.
You hear a shout!
The eight-headed meat hydra calls on the powers of darkness!
The eight-headed meat hydra convulses!
The bag of meat convulses!
Something is bathed in an unholy light! x3; Your body is wracked with pain!
A bolt of negative energy appears from out of thin air!
The bolt of negative energy hits your death scarab.
Your death scarab completely resists.
The bolt of negative energy misses you.
A bolt of negative energy appears from out of thin air!
The bolt of negative energy hits you!!!!
You feel drained.
Ouch! That really hurt!
You die...

... ......# ..# ..
......# ..# ........
##.....#
..###.°))).... ...†..#
..)...)o)☼)°o###.....#
......)))☼)§D.......†#
)#)....§§#§#).{......#
_#.....§°§○)){.))...=#
)#..)..§#)#.#))B@....#
.))))).)§.§..........#
.).))..)§#☼#.#){#....#
))###).)○)))..)#.....#
..#....)§)))....#....#
..#.....)))))))#.....#
.........°°))).).....#
......#..)#.)..).##..#
.....#..))#))...## ..#


You could see an eight-headed meat hydra, a bag of meat and a friendly death
scarab.

Vanquished Creatures
  Sigmund (D)
  3 hell beasts (D)
  Edmund (D)
  2 royal mummies (D)
  3 great orbs of eyes (D)
  5 wraiths (D)
  14 vampire knights (D)
  45 ogres (D)
  5 two-headed ogres (D)
  2 liches (D)
  4 hydras (D)
  8 phantoms (D)
  56 orcs (D)
  4 skeletal warriors (D)
153 creatures vanquished.

Vanquished Creatures (collateral kills)
  A royal mummy (D)
  2 ogres (D)
  A lich (D)
  11 orcs (D)
15 creatures vanquished.

Vanquished Creatures (others)
  2 two-headed ogres (D)
  A lich (D)
  20 orcs (D)
23 creatures vanquished.

Grand Total: 191 creatures vanquished

Notes
Turn   | Place    | Note
-------+----------+-------------------------------------------
     0 | D        | Found the +∞ Axe of Woe
     0 | D        | raph the Djinni Warper began the quest for the Orb.
     0 | D        | raph set off with the following spells memorised: Blink,
                  | Lesser Beckoning, Gell's Gravitas, Teleport Other, Manifold
                  | Assault.
     0 | D        | Reached XP level 1. HP: 18/18 MP: 0/0
     2 | D        | Noticed a bag of meat
     2 | D        | Noticed a bag of meat
     2 | D        | Noticed a bag of meat
     2 | D        | Noticed a meat berserker
     4 | D        | Became a worshipper of Makhleb the Destroyer
     5 | D        | Killed a meat berserker
     6 | D        | Reached skill level 10 in Axes
     6 | D        | Reached skill level 10 in Throwing
     6 | D        | Reached skill level 10 in Spellcasting
     6 | D        | Reached XP level 2. HP: 39/39 MP: 0/0
     6 | D        | Reached XP level 3. HP: 44/44 MP: 0/0
     6 | D        | Learned a level 1 spell: Summon Small Mammal
     6 | D        | Reached XP level 4. HP: 50/50 MP: 0/0
     6 | D        | Reached XP level 5. HP: 56/56 MP: 0/0
     6 | D        | Learned a level 2 spell: Ensorcelled Hibernation
     6 | D        | Reached XP level 6. HP: 62/62 MP: 0/0
     6 | D        | Reached XP level 7. HP: 67/67 MP: 0/0
     6 | D        | Learned a level 2 spell: Scorch
     6 | D        | Reached XP level 8. HP: 74/74 MP: 0/0
     6 | D        | Reached XP level 9. HP: 79/79 MP: 0/0
     6 | D        | Learned a level 3 spell: Call Canine Familiar
     6 | D        | Reached XP level 10. HP: 85/85 MP: 0/0
     6 | D        | Reached XP level 11. HP: 90/90 MP: 0/0
     6 | D        | Learned a level 4 spell: Dispel Undead
     6 | D        | Reached XP level 12. HP: 96/96 MP: 0/0
     7 | D        | Noticed a bag of meat
     8 | D        | Killed a bag of meat
     8 | D        | Reached * piety under Makhleb
     9 | D        | Reached XP level 13. HP: 104/104 MP: 0/0
     9 | D        | Learned a level 5 spell: Borgnjor's Vile Clutch
     9 | D        | Killed a bag of meat
    10 | D        | Reached skill level 15 in Dodging
    11 | D        | Killed a bag of meat
    12 | D        | Reached skill level 15 in Fighting
    12 | D        | Reached skill level 15 in Armour
    12 | D        | Reached XP level 14. HP: 114/114 MP: 0/0
    12 | D        | Noticed a meat berserker
    12 | D        | Noticed a bag of meat
    13 | D        | Noticed a meat berserker
    13 | D        | Noticed a bag of meat
    13 | D        | Noticed a bag of meat
    14 | D        | Noticed a bag of meat
    14 | D        | Noticed a bag of meat
    14 | D        | Noticed a bag of meat
    14 | D        | Noticed a bag of meat
    14 | D        | Noticed a meat berserker
    14 | D        | Noticed a bag of meat
    15 | D        | Noticed a bag of meat
    15 | D        | Noticed a bag of meat
    16 | D        | Killed a meat berserker
    16 | D        | Reached ** piety under Makhleb
    16 | D        | Killed a bag of meat
    16 | D        | Noticed a meat berserker
    16 | D        | Noticed a bag of meat
    17 | D        | Reached skill level 15 in Axes
    17 | D        | Reached XP level 15. HP: 85/122 MP: 0/0
    17 | D        | Learned a level 6 spell: Eringya's Noxious Bog
    17 | D        | Killed a meat berserker
    18 | D        | Reached skill level 15 in Spellcasting
    18 | D        | Reached *** piety under Makhleb
    19 | D        | Reached skill level 15 in Throwing
    19 | D        | Noticed a destroyer
    19 | D        | Noticed a meat berserker
    20 | D        | Reached XP level 16. HP: 37/132 MP: 0/0
    20 | D        | Killed a meat berserker
    20 | D        | Reached **** piety under Makhleb
    20 | D        | Noticed a meat berserker
    21 | D        | Killed a meat berserker
    21 | D        | Reached ***** piety under Makhleb
    21 | D        | Noticed a meat berserker
    22 | D        | Reached XP level 17. HP: 145/145 MP: 0/0
    22 | D        | Learned a level 7 spell: Ozocubu's Refrigeration
    24 | D        | Reached XP level 18. HP: 154/154 MP: 0/0
    24 | D        | Noticed a meat berserker
    24 | D        | Noticed a meat berserker
    24 | D        | Noticed a meat berserker
    25 | D        | Killed a meat berserker
    25 | D        | Killed a destroyer
    26 | D        | Reached XP level 19. HP: 102/164 MP: 0/0
    26 | D        | Learned a level 7 spell: Storm Form
    26 | D        | Killed a meat berserker
    26 | D        | Reached ****** piety under Makhleb
    28 | D        | Killed a meat berserker
    29 | D        | Reached XP level 20. HP: 174/174 MP: 0/0
    29 | D        | Noticed a meat berserker
    30 | D        | Reached skill level 27 in Axes
    30 | D        | Reached skill level 27 in Dodging
    31 | D        | Killed a meat berserker
    31 | D        | Killed a meat berserker
    31 | D        | Noticed a destroyer
    32 | D        | Reached skill level 27 in Fighting
    32 | D        | Reached skill level 27 in Armour
    32 | D        | Reached skill level 27 in Spellcasting
    32 | D        | Reached XP level 21. HP: 187/187 MP: 0/0
    32 | D        | Learned a level 8 spell: Infestation
    32 | D        | Killed a meat berserker
    32 | D        | Killed a destroyer
    32 | D        | Killed a meat berserker
    32 | D        | Noticed a meat berserker
    32 | D        | Noticed a destroyer
    33 | D        | Reached skill level 27 in Throwing
    33 | D        | Reached XP level 22. HP: 194/194 MP: 0/0
    37 | D        | Reached skill level 27 in Invocations
    38 | D        | Reached skill level 10 in Unarmed Combat
    38 | D        | Killed a meat berserker
    39 | D        | Noticed a meat berserker
    40 | D        | Noticed a meat berserker
    40 | D        | Noticed a meat berserker
    42 | D        | Noticed a meat berserker
    42 | D        | Noticed a meat berserker
    42 | D        | Noticed a meat berserker
    43 | D        | Noticed a meat berserker
    43 | D        | Killed a destroyer
    44 | D        | Reached XP level 23. HP: 201/201 MP: 0/0
    44 | D        | Learned a level 8 spell: Lehudib's Crystal Spear
    45 | D        | Reached skill level 15 in Maces & Flails
    45 | D        | Reached skill level 15 in Polearms
    46 | D        | Noticed a large bag of meat
    48 | D        | Reached XP level 24. HP: 208/208 MP: 0/0
    48 | D        | Noticed a large bag of meat
    49 | D        | Noticed a tyrant
    49 | D        | Noticed a destroyer
    50 | D        | Noticed a destroyer
    50 | D        | Noticed a destroyer
    53 | D        | Noticed a destroyer
    53 | D        | Noticed an accursed
    53 | D        | Killed a destroyer
    54 | D        | Noticed a tyrant
    55 | D        | Reached skill level 27 in Unarmed Combat
    55 | D        | Reached XP level 25. HP: 214/214 MP: 0/0
    55 | D        | Learned a level 8 spell: Discord
    57 | D        | Reached skill level 27 in Stealth
    58 | D        | Reached skill level 27 in Maces & Flails
    58 | D        | Reached skill level 27 in Polearms
    58 | D        | Killed a destroyer
    59 | D        | Reached skill level 10 in Short Blades
    59 | D        | Reached skill level 10 in Long Blades
    59 | D        | Reached skill level 10 in Staves
    59 | D        | Reached XP level 26. HP: 221/221 MP: 0/0
    59 | D        | Killed a destroyer
    60 | D        | Noticed a dread
    61 | D        | Killed a destroyer
    61 | D        | Killed a large bag of meat
    62 | D        | Reached skill level 15 in Ranged Weapons
    62 | D        | Noticed a meat beast
    63 | D        | Reached XP level 27. HP: 200/228 MP: 0/0
    63 | D        | Learned a level 9 spell: Death's Door
    63 | D        | Noticed a large bag of meat
    63 | D        | Noticed a destroyer
    65 | D        | Noticed a meat beast
    66 | D        | Killed a meat beast
    67 | D        | Noticed The Captor
    70 | D        | Killed a tyrant
    70 | D        | Killed a dread
    70 | D        | Noticed an accursed
    71 | D        | Reached skill level 27 in Short Blades
    71 | D        | Reached skill level 27 in Long Blades
    71 | D        | Reached skill level 27 in Staves
    71 | D        | Reached skill level 27 in Shields
    71 | D        | Reached skill level 27 in Evocations
    71 | D        | Killed a meat beast
    71 | D        | Noticed a large bag of meat
    72 | D        | Reached skill level 27 in Ranged Weapons
    73 | D        | Killed a tyrant
    74 | D        | Killed a destroyer
    75 | D        | Killed a large bag of meat
    75 | D        | Noticed a destroyer
    77 | D        | Noticed a large bag of meat
    78 | D        | Noticed a dread
    79 | D        | Noticed a destroyer
    82 | D        | Killed The Captor
    83 | D        | Killed an accursed
    86 | D        | Killed a large bag of meat
    86 | D        | Killed a destroyer
    87 | D        | Noticed a destroyer
    88 | D        | Killed a destroyer
    89 | D        | Killed a destroyer
    89 | D        | Killed a large bag of meat
    89 | D        | Noticed a tyrant
    90 | D        | Noticed a large bag of meat
    91 | D        | Noticed a tyrant
    91 | D        | Killed an accursed
    92 | D        | Noticed a destroyer
    94 | D        | Killed a tyrant
    95 | D        | Killed a dread
    95 | D        | Killed a large bag of meat
    95 | D        | Killed a large bag of meat
    95 | D        | Noticed a meat beast
    96 | D        | Noticed a large bag of meat
    96 | D        | Killed a tyrant
    98 | D        | Noticed The Defiler
    98 | D        | Killed The Defiler
    98 | D        | Killed a large bag of meat
    99 | D        | Killed a destroyer
   100 | D        | Noticed a destroyer
   100 | D        | Noticed a dread
   101 | D        | Noticed a destroyer
   102 | D        | Killed a destroyer
   103 | D        | Killed a dread
   103 | D        | Killed a destroyer
   103 | D        | Noticed a dread
   104 | D        | Noticed an accursed
   105 | D        | Killed a dread
   105 | D        | Killed a meat beast
   107 | D        | Noticed a dread
   109 | D        | Killed an accursed
   109 | D        | Killed a dread
   112 | D        | Killed from afar by a wretched soul

Illustrated notes

Levels and vault maps discovered:
D:        meatsprint

Skill      XL: |  1  2  3  4  5  6  7  8  9 10 11 12 13 14 15 16 17 18 19 20 21 22 23 24 25 26 27 |
---------------+----------------------------------------------------------------------------------+-----
Fighting       | 12 13 15 16 18 20 21 23 24 27 | 27.0
Axes           | 10 11 13 15 17 21 22 24 26 27 | 27.0
Throwing       | 10 11 12 14 15 17 18 19 21 25 27 | 27.0
Armour         | 12 13 15 16 18 20 21 23 24 27 | 27.0
Dodging        | 13 14 16 17 19 22 23 24 26 27 | 27.0
Spellcasting   | 10 11 12 14 16 19 21 23 24 27 | 27.0
Invocations    | 25 27 | 27.0
Maces & Flails | 13 19 23 27 | 27.0
Polearms       | 13 19 23 27 | 27.0
Stealth        | 14 20 25 27 | 27.0
Unarmed Combat | 16 22 27 | 27.0
Short Blades   | 10 17 27 | 27.0
Long Blades    | 10 17 27 | 27.0
Staves         | 10 17 27 | 27.0
Ranged Weapons | 9 16 27 | 27.0
Shields        | 11 19 27 | 27.0
Evocations     | 11 19 27 | 27.0

Action                   |  1- 3 |  4- 6 |  7- 9 | 10-12 | 13-15 | 16-18 | 19-21 | 22-24 | 25-27 || total
-------------------------+-------+-------+-------+-------+-------+-------+-------+-------+-------++-------
Melee: Executioner's axe |     1 |       |       |     1 |     6 |     6 |    12 |    19 |    73 ||   118
 Cast: Manifold Assault  |       |       |       |       |     1 |       |     2 |     3 |    13 ||    19
       Borgnjor's Vile C |       |       |       |       |     1 |       |       |       |       ||     1
       Infestation       |       |       |       |       |       |       |       |     2 |     2 ||     4
       Discord           |       |       |       |       |       |       |       |       |     1 ||     1
       Lehudib's Crystal |       |       |       |       |       |       |       |       |     1 ||     1
Invok: Major Destruction |       |       |       |       |       |       |       |     1 |       ||     1
       Greater Servant o |       |       |       |       |       |       |       |     1 |       ||     1
  Use: Potion            |       |       |       |       |       |       |     1 |       |       ||     1
 Stab: Distracted        |       |       |       |       |       |       |       |       |     2 ||     2
Armor: Leather armour    |       |       |       |       |       |       |       |       |     1 ||     1
Dodge: Dodged            |       |       |       |       |     1 |       |     1 |       |    14 ||    16
